 Dungeon Crawl Stone Soup version 0.22.0-38-g04b72b8c25 (webtiles) character file.

10729 btonasse the Geomancer (level 11, -3/64 HPs)
             Began as a Gargoyle Earth Elementalist on Aug 26, 2018.
             Was an Elder of Vehumet.
             Splashed by a brown ugly thing's acid (7 damage)
             ... on level 11 of the Dungeon.
             The game lasted 00:31:04 (10774 turns).

btonasse the Geomancer (GrEE)                      Turns: 10774, Time: 00:31:05

Health: -3/64      AC:  5    Str: 11    XL:     11   Next: 66%
Magic:  20/20      EV: 15    Int: 20    God:    Vehumet [****..]
Gold:   547        SH:  0    Dex: 10    Spells: 3/22 levels left

rFire    . . .     SeeInvis .   a - +5 trident
rCold    . . .     Gourm    .   (no shield)
rNeg     + . .     Faith    .   E - +1 leather armour of Repulsion {+Inv rElec}
rPois    ∞         Spirit   .   q - +2 helmet
rElec    +         Reflect  .   (no cloak)
rCorr    .         Harm     .   k - +1 pair of gloves
MR       .....                  (no boots)
Stlth    ++........             l - amulet of regeneration
HPRegen  0.60/turn              (no ring)
MPRegen  0.17/turn              (no ring)

@: corroded
A: negative energy resistance 1, electricity resistance, unbreathing,
petrification resistance, rot immunity, AC +8
a: Renounce Religion, Evoke Invisibility


You were on level 11 of the Dungeon.
You worshipped Vehumet.
Vehumet was greatly pleased with you.
You were not hungry.

You visited 2 branches of the dungeon, and saw 12 of its levels.

You collected 547 gold pieces.

Inventory:

Hand Weapons
 a - a +5 trident (weapon)
 c - a +0 falchion of flaming
 v - a cursed -1 blowgun
Missiles
 b - 104 stones
 w - 87 poisoned needles
 J - 2 throwing nets (quivered)
Armour
 k - a +1 pair of gloves (worn)
 q - a +2 helmet (worn)
 C - a +0 shield
 E - the +1 leather armour of Repulsion (worn) {+Inv rElec}
   (You found it on level 9 of the Dungeon)

   It insulates you from electricity.
   It lets you turn invisible.
Jewellery
 l - an amulet of regeneration (around neck)
 A - an uncursed amulet of the gourmand
 I - an uncursed ring of fire
Wands
 h - a wand of polymorph (20)
 p - a wand of flame (14)
 F - a wand of iceblast (2)
 H - a wand of enslavement (21)
Scrolls
 j - 2 scrolls of enchant weapon
 n - 4 scrolls of teleportation
 o - 4 scrolls of amnesia
 r - a scroll of blinking
 y - a scroll of remove curse
 K - 2 scrolls of fear
Potions
 e - 3 potions of mutation
 f - 3 potions of resistance
 g - 3 potions of lignification
 i - a potion of heal wounds {unknown}
 m - 3 potions of curing
 t - 2 potions of brilliance
 u - 3 potions of cancellation {unknown}
 x - a potion of might {unknown}
 z - 3 potions of agility {unknown}
 B - a potion of berserk rage {unknown}
 D - 3 potions of haste {unknown}
Comestibles
 d - 19 rations
 s - 7 chunks of flesh


   Skills:
 - Level 6.0 Fighting
 + Level 1.2 Armour
 + Level 8.2 Dodging
 - Level 2.1 Stealth
 - Level 6.1 Spellcasting
 + Level 9.0 Conjurations
 - Level 0.7 Transmutations
 - Level 10.1 Earth Magic
 - Level 5.2 Evocations


You had 3 spell levels left.
You knew the following spells:

 Your Spells              Type           Power        Failure   Level  Hunger
a - Sandblast             Erth           #####.       1%          1    None
b - Stone Arrow           Conj/Erth      #####.       1%          3    ##.....
c - Shock                 Conj/Air       ###.         1%          1    None
d - Lee's Rapid Deconstr  Erth           #####.....   1%          5    #####..
e - Passwall              Tmut/Erth      ####....     2%          2    None
f - Static Discharge      Conj/Air       ###.....     1%          3    ##.....
g - Airstrike             Air            #.........   32%         4    ####...

Your spell library contained the following spells:

 Spells                   Type           Power        Failure   Level  Hunger
 Fireball                 Conj/Fire      ###.......   16%         5    #####..
 Petrify                  Tmut/Erth      ####....     14%         4    ####...


Dungeon Overview and Level Annotations

Branches:
Dungeon (11/15)            Temple (1/1) D:5            Lair (0/6) D:8
    Orc: D:9-12

Altars:
Ashenzari
Cheibriados
Dithmenos
Elyvilon
Fedhas
Gozag
Hepliaklqana
Kikubaaqudgha
Makhleb
Nemelex Xobeh
Okawaru
Qazlal
Ru
Sif Muna
Trog
Uskayaw
Vehumet
Wu Jian
Xom
Yredelemnul
Zin
The Shining One


Innate Abilities, Weirdness & Mutations

You are resistant to torment.
Your stone body is resilient. (AC +8)
You are immune to poison.
You resist negative energy. (rN+)
You are resistant to electric shocks. (rElec)
You can survive without breathing.
You are immune to petrification.
You are immune to rotting.


Message History

The orc hits you but does no damage.
The brown ugly thing tentacle-slaps you.
You are splashed with acid!
The acid burns!
You closely miss the orc.
The orc is heavily wounded.
The orc closely misses you.
The brown ugly thing tentacle-slaps you.
The acid corrodes you!
You are splashed with acid!
The acid burns!
The orc barely misses you.
You hit the orc.
You kill the orc!
Vehumet accepts your kill.
The brown ugly thing tentacle-slaps you!
The acid corrodes you!
You are splashed with acid!
The acid burns!
* * * LOW HITPOINT WARNING * * *
You see here a leather armour.
The brown ugly thing tentacle-slaps you!
* * * LOW HITPOINT WARNING * * *
You are splashed with acid!
The acid burns!
You die...

#............
#............
#............
#.....##....# #
######.....##....# .
#......(.[[)[<...(..
...##.#######)##).......
.......#####(..#........
#.8.@u[...8.#.......#
#...#####...#.......#
##.# '#.##.......# #.
.##.##.##....# # .
#.##.##....# .
#.##.##....# .##.......#
#.......# #.......#


You could see a brown ugly thing.

Vanquished Creatures
  Nergalle (D:10)
  Pikel (D:9)
  A manticore (D:10)
  A gargoyle (D:10)
  A troll (D:10)
  Prince Ribbit (D:8)
  4 slime creatures
  4 hippogriffs
  A wyvern (D:9)
  A wraith (D:10)
  A basilisk (D:8)
  A human (D:7)
  5 yaks
  3 hogs (D:7)
  A hungry ghost (D:10)
  Menkaure (D:5)
  3 porcupines (D:8)
  A black bear (D:8)
  3 ice beasts
  3 orc warriors
  2 sky beasts (D:10)
  A slave (D:9)
  3 phantoms
  3 ogres
  4 centaurs
  3 crocodiles (D:8)
  4 big kobolds
  8 bullfrogs
  A wyvern zombie (D:11)
  6 scorpions
  A wyvern skeleton (D:8)
  A water moccasin skeleton (D:9)
  5 killer bees (D:9)
  3 wights (D:8)
  5 howler monkeys
  2 quasits
  2 jellies
  A centaur skeleton (D:5)
  3 hounds
  6 orc priests
  A bullfrog skeleton (D:10)
  7 worker ants
  3 iguanas (D:8)
  10 orc wizards
  A hound zombie (D:9)
  Robin (D:2)
  8 gnolls
  13 adders
  2 shadow imps
  2 oozes
  2 adder skeletons
  3 worms
  2 dart slugs
  49 orcs
  A ball python (D:2)
  8 bats
  6 giant cockroaches
  14 goblins
  12 hobgoblins
  19 jackals
  5 quokkas
  4 frilled lizards (D:1)
  23 kobolds
  A leopard gecko zombie (D:8)
  A quokka skeleton (D:7)
  A quokka zombie (D:6)
  6 rats
307 creatures vanquished.

Vanquished Creatures (others)
  A bullfrog zombie (D:9)
  A hound (D:9)
  A dart slug (D:1)
  A goblin (D:1)
  A kobold (D:9)
  A fungus (D:8)
6 creatures vanquished.

Grand Total: 313 creatures vanquished

Notes
Turn   | Place    | Note
-------+----------+-------------------------------------------
     0 | D:1      | btonasse the Gargoyle Earth Elementalist began the quest for the Orb.
     0 | D:1      | Reached XP level 1. HP: 10/10 MP: 3/3
   248 | D:1      | Reached XP level 2. HP: 14/15 MP: 3/5
   279 | D:1      | Reached skill level 4 in Earth Magic
  1092 | D:1      | Reached XP level 3. HP: 13/19 MP: 1/7
  1100 | D:1      | Learned a level 3 spell: Stone Arrow
  1242 | D:1      | Found a shadowy altar of Dithmenos.
  1248 | D:1      | Learned a level 2 spell: Passwall
  1451 | D:2      | Reached XP level 4. HP: 24/24 MP: 5/8
  1485 | D:2      | Found a glowing silver altar of Zin.
  1688 | D:2      | Reached skill level 5 in Earth Magic
  1856 | D:2      | Noticed Robin
  2157 | D:2      | Killed Robin
  2293 | D:2      | Reached XP level 5. HP: 28/28 MP: 8/10
  3125 | D:4      | Found a stormy altar of Qazlal.
  3182 | D:4      | Found a shadowy altar of Dithmenos.
  3302 | D:4      | Reached skill level 6 in Earth Magic
  3302 | D:4      | Reached XP level 6. HP: 31/32 MP: 5/12
  3360 | D:4      | Learned a level 5 spell: Lee's Rapid Deconstruction
  3490 | D:4      | You fall through a shaft!
  3490 | D:5      | Entered Level 5 of the Dungeon
  3866 | D:5      | Noticed Menkaure
  3872 | D:5      | Killed Menkaure
  3872 | D:5      | Reached skill level 5 in Spellcasting
  3872 | D:5      | Reached skill level 7 in Earth Magic
  3872 | D:5      | Reached XP level 7. HP: 33/36 MP: 11/14
  3905 | D:5      | Found a staircase to the Ecumenical Temple.
  3912 | Temple   | Entered the Ecumenical Temple
  4031 | D:5      | Found a sacrificial altar of Ru.
  4557 | D:6      | Found a radiant altar of Vehumet.
  4560 | D:6      | Became a worshipper of Vehumet
  4656 | D:6      | Found a bloodstained altar of Trog.
  4660 | D:6      | Reached skill level 8 in Earth Magic
  4667 | D:6      | Reached XP level 8. HP: 32/41 MP: 9/17
  5048 | D:6      | Found a basalt altar of Yredelemnul.
  5324 | D:6      | Reached skill level 9 in Earth Magic
  5921 | D:7      | Reached skill level 10 in Earth Magic
  5921 | D:7      | Reached XP level 9. HP: 31/45 MP: 4/18
  6206 | D:7      | Reached skill level 1 in Fighting
  6206 | D:7      | Reached skill level 1 in Conjurations
  6337 | D:7      | Found a glowing golden altar of the Shining One.
  6340 | D:7      | Reached * piety under Vehumet
  6340 | D:7      | Offered knowledge of Shock by Vehumet.
  6340 | D:7      | Reached skill level 5 in Dodging
  6359 | D:7      | Learned a level 1 spell: Shock
  6699 | D:8      | Found a shadowy altar of Dithmenos.
  6745 | D:8      | Found a staircase to the Lair.
  6757 | D:8      | Reached XP level 10. HP: 58/58 MP: 6/19
  6761 | D:8      | Reached skill level 5 in Fighting
  6761 | D:8      | Reached skill level 5 in Conjurations
  6774 | D:8      | Noticed Prince Ribbit
  6778 | D:8      | Killed Prince Ribbit
  7348 | D:8      | Found a deep blue altar of Sif Muna.
  7373 | D:8      | Offered knowledge of Throw Flame by Vehumet.
  7373 | D:8      | Reached skill level 1 in Evocations
  7377 | D:8      | Reached ** piety under Vehumet
  7700 | D:8      | Found a snail-covered altar of Cheibriados.
  7700 | D:8      | Found a shimmering altar of Xom.
  7701 | D:8      | Found a hide-covered altar of Uskayaw.
  7718 | D:8      | Found a burning altar of Makhleb.
  8286 | D:8      | Offered knowledge of Static Discharge by Vehumet.
  8300 | D:8      | Learned a level 3 spell: Static Discharge
  8645 | D:9      | Noticed Pikel
  8645 | D:9      | Got a dazzling leather armour
  8653 | D:9      | Killed Pikel
  8653 | D:9      | Reached XP level 11. HP: 62/64 MP: 14/20
  8695 | D:9      | Identified the +1 leather armour of Repulsion {+Inv rElec} (You found it on level 9 of the Dungeon)
  8857 | D:9      | Reached *** piety under Vehumet
  9069 | D:10     | Entered Level 10 of the Dungeon
  9080 | D:10     | Noticed a manticore
  9088 | D:10     | Killed a manticore
  9300 | D:9      | Offered knowledge of Airstrike by Vehumet.
  9350 | D:9      | Learned a level 4 spell: Airstrike
  9656 | D:10     | Noticed Nergalle
  9665 | D:10     | Killed Nergalle
  9835 | D:10     | Reached skill level 5 in Evocations
 10143 | D:10     | Reached **** piety under Vehumet
 10230 | D:10     | Found a sparkling altar of Nemelex Xobeh.
 10320 | D:10     | Offered knowledge of Fireball by Vehumet.
 10446 | D:11     | Reached skill level 1 in Armour
 10493 | D:11     | Noticed a brown ugly thing
 10774 | D:11     | Splashed by a brown ugly thing's acid

Skill      XL: |  1  2  3  4  5  6  7  8  9 10 11 |
---------------+----------------------------------+-----
Earth Magic    | 4 5 6 7 8 10 | 10.1
Spellcasting   | 3 4 5 6 |  6.1
Dodging        | 4 5 7 8 |  8.2
Fighting       | 4 6 |  6.0
Conjurations   | 4 7 9 |  9.0
Evocations     | 3 5 |  5.2
Armour         | 1 |  1.2
Stealth        | |  2.1
Transmutations | |  0.7

Action                   |  1- 3 |  4- 6 |  7- 9 | 10-12 || total
-------------------------+-------+-------+-------+-------++-------
Melee: Club              |    11 |       |       |       ||    11
       Dagger            |    53 |   130 |     8 |       ||   191
       Trident           |       |       |    28 |   130 ||   158
 Cast: Sandblast         |    34 |    69 |    68 |   191 ||   362
       Stone Arrow       |       |     5 |    15 |    42 ||    62
       Lee's Rapid Decon |       |       |     4 |    12 ||    16
       Shock             |       |       |       |     6 ||     6
Evoke: Wand              |       |       |       |     4 ||     4
  Use: Scroll            |       |     8 |     4 |     6 ||    18
 Stab: Sleeping          |       |     4 |     1 |     2 ||     7
       Distracted        |       |       |       |     1 ||     1
  Eat: Chunk             |     2 |     8 |    13 |     4 ||    27
       Ration            |       |       |     1 |     3 ||     4
Armor: Robe              |    24 |    66 |    31 |    78 ||   199
       Leather armour    |       |       |       |    67 ||    67
Dodge: Dodged            |    51 |   101 |    59 |   278 ||   489
